 Dungeon Crawl Stone Soup version 0.25.0-1-g7eea58d2a3 (console) character file.

Game seed: 12816797622736521570

604 Garrluk the Carver (level 7, -11/52 HPs)
             Began as a Formicid Fighter on June 14, 2020.
             Mangled by an orc warrior
             ... wielding a +0 war axe
              (18 damage)
             ... on level 6 of the Dungeon.
             The game lasted 00:21:15 (3622 turns).

Garrluk the Carver (Formicid Fighter)               Turns: 3622, Time: 00:21:16

Health: -11/52     AC: 12    Str: 22    XL:     7   Next: 70%
Magic:  7/7        EV:  8    Int:  8    God:
Gold:   276        SH:  9    Dex: 10    Spells: 6/6 levels left

rFire    . . .     SeeInvis +   a - +1 long sword
rCold    . . .     Gourm    .   c - +0 kite shield
rNeg     . . .     Faith    .   b - +0 scale mail
rPois    .         Spirit   .   (helmet unavailable)
rElec    .         Reflect  .   w - +1 cloak
rCorr    .         Harm     .   y - +1 pair of gloves
MR       .....                  r - +0 pair of boots
Stlth    ..........             (no amulet)
HPRegen  0.17/turn              x - ring of teleportation (curse)
MPRegen  0.10/turn              (no ring)

@: stab
A: permanent stasis, dig shafts and tunnels, four strong arms, antennae 3
a: Dig, Shaft Self


You were on level 6 of the Dungeon.
You were not hungry.

You visited 1 branch of the dungeon, and saw 6 of its levels.
You also visited: Sewer.

You collected 276 gold pieces.

Inventory:

Hand Weapons
 a - a +1 long sword (weapon)
Missiles
 p - 8 javelins
 s - an atropa-tipped dart (quivered)
Armour
 b - a +0 scale mail (worn)
 c - a +0 kite shield (worn)
 r - a +0 pair of boots (worn)
 w - a +1 cloak (worn)
 y - a +1 pair of gloves (worn)
Jewellery
 x - a cursed ring of teleportation (left hand)
Wands
 B - a wand of clouds (4)
 D - a wand of polymorph (11)
Scrolls
 e - 3 scrolls of magic mapping {unknown}
 g - 6 scrolls of teleportation {unknown}
 i - 3 scrolls of fog {unknown}
 l - a scroll of blinking {unknown}
 m - a scroll of remove curse
 n - a scroll of noise {unknown}
 o - 7 scrolls of identify {unknown}
 t - 2 scrolls of immolation {unknown}
Potions
 d - a potion of might
 h - a potion of curing
 j - 5 potions of stabbing
 k - 6 potions of flight
 q - a potion of berserk rage {unknown}
 u - a potion of degeneration {unknown}
 v - a potion of haste {unknown}
 z - a potion of invisibility {unknown}
 A - a potion of mutation {unknown}
 F - a potion of brilliance {unknown}
Comestibles
 f - 6 rations
 E - 6 chunks of flesh


   Skills:
 - Level 3.2 Fighting
 * Level 8.0 Long Blades
 - Level 3.2 Armour
 - Level 3.6 Shields


You had 6 spell levels left.
You didn't know any spells.
Your spell library was empty.

Dungeon Overview and Level Annotations

Branches:
Dungeon (6/15)              Sewer (visited)
 Temple: D:4-7

Altars:

Annotations:
D:5 Grinder, Menkaure


Innate Abilities, Weirdness & Mutations

You cannot be hasted, slowed, berserked, paralysed or teleported.
You can dig through walls and to a lower floor.
Your four strong arms can wield two-handed weapons with a shield.
You have a pair of large antennae on your head. (SInv)


Message History

The orc warrior is heavily wounded.
The orc warrior hits you with a +0 war axe!
* * * LOW HITPOINT WARNING * * *
You hit the orc warrior but do no damage.
The orc warrior is heavily wounded.
The orc warrior closely misses you.
You riposte.
You slash the orc warrior!
The orc warrior is almost dead.
You hit the orc warrior.
The orc warrior is almost dead.
The orc warrior barely misses you.
A hound comes into view.
The hound barks!
You hit the orc warrior but do no damage.
The orc warrior is almost dead.
The orc warrior barely misses you.
You riposte.
You completely miss the orc warrior.
The orc warrior is almost dead.
You barely miss the orc warrior.
The orc warrior is almost dead.
The orc warrior hits you with a +0 war axe!!
You die...

##.....## ###..# #.......#
##...## ##.# #.####..#
##+## #.######.#.....#
#### #.............## ...
#.########.#### ..
#.########.### #.
#.......=....#
...###.######.####.###.#.#
..........h...# #.# #.#.#
.#####.###o#### #.# #.#.##
... ##@# #.# #....## ####
#.## #.# ###.... ### #.#
#.### #.#####.# #.......#
######### ####### #......
#.####.


You could see an orc warrior and a hound.

Vanquished Creatures
  A phantom (D:6)
  An ogre (D:6)
  Blork the orc (D:4)
  A bullfrog zombie (D:6)
  An orc priest (D:6)
  An iguana (D:4)
  3 worker ants
  An orc wizard (D:6)
  4 adders
  5 oozes
  7 worms
  3 dart slugs
  10 leopard geckos
  An orc (D:3)
  2 ball pythons
  16 bats
  2 giant cockroaches (D:1)
  2 goblins
  10 hobgoblins
  10 jackals
  3 quokkas
  7 frilled lizards
  A giant cockroach zombie (D:6)
  5 kobolds
  A rat (D:3)
99 creatures vanquished.

Notes
Turn   | Place    | Note
-------+----------+-------------------------------------------
     0 | D:1      | Garrluk the Formicid Fighter began the quest for the Orb.
     0 | D:1      | Reached XP level 1. HP: 18/18 MP: 1/1
   116 | D:1      | Reached XP level 2. HP: 23/24 MP: 2/2
   297 | D:1      | Reached skill level 3 in Long Blades
   445 | D:1      | Reached XP level 3. HP: 23/29 MP: 3/3
  1260 | D:3      | Reached skill level 4 in Long Blades
  1260 | D:3      | Reached XP level 4. HP: 35/35 MP: 4/4
  1990 | D:4      | Reached XP level 5. HP: 41/41 MP: 5/5
  2041 | D:4      | Found a glowing drain.
  2050 | Sewer    | Entered a sewer
  2056 | Sewer    | Reached skill level 5 in Long Blades
  2707 | D:4      | Noticed Blork the orc
  2720 | D:4      | Reached XP level 6. HP: 39/47 MP: 6/6
  2724 | D:4      | Killed Blork the orc
  2724 | D:4      | Reached skill level 6 in Long Blades
  2850 | D:5      | Entered Level 5 of the Dungeon
  2855 | D:5      | Noticed a phantom
  2865 | D:5      | Noticed Menkaure
  3327 | D:5      | Noticed Grinder
  3327 | D:5      | Noticed an ogre
  3348 | D:6      | Reached skill level 7 in Long Blades
  3348 | D:6      | Reached XP level 7. HP: 41/52 MP: 7/7
  3593 | D:6      | Reached skill level 8 in Long Blades
  3622 | D:6      | Mangled by an orc warrior

Illustrated notes

Levels and vault maps discovered:
D:1:      dpeg_arrival_circle_labyrinth_b, layout_loops_corners
D:2:      wander_river, layout_basic
D:3:      layout_loops_corners
D:4:      layout_basic, first_ration, portal_sewer_entry_a, uniq_blork_the_orc
D:5:      layout_basic, minmay_temple_entry_waves, minmay_holes,
          uniq_crazy_yiuf_cottage, uniq_menkaure, uniq_grinder
D:6:      layout_loops_corners

Skill      XL: |  1  2  3  4  5  6  7 |
---------------+----------------------+-----
Long Blades    | 3 4 5 7 8 |  8.0
Fighting       | |  3.2
Armour         | |  3.2
Shields        | |  3.6

Action                   |  1- 3 |  4- 6 |  7- 9 || total
-------------------------+-------+-------+-------++-------
Melee: Long sword        |    75 |   215 |    42 ||   332
Throw: Javelin           |       |     2 |       ||     2
       Dart              |       |       |     4 ||     4
 Abil: Dig               |    14 |     8 |     3 ||    25
Evoke: Wand              |       |     1 |     1 ||     2
  Use: Scroll            |     4 |       |       ||     4
       Potion            |       |     2 |     2 ||     4
 Stab: Invisible         |       |       |     1 ||     1
  Eat: Chunk             |     2 |     8 |     2 ||    12
Armor: Scale mail        |    27 |   111 |     6 ||   144
Dodge: Dodged            |    18 |    70 |    15 ||   103
Block: Kite shield       |    23 |   137 |     8 ||   168
       Rpst.: Long sword |     7 |    21 |     6 ||    34
